 Dungeon Crawl Stone Soup version 0.28.0-43-g3370ac3207 (webtiles) character file.

Game seed: 17678827957145354922

5868 Woods the Thaumaturge (level 10, 0/60 HPs)
             Began as a Gargoyle Fire Elementalist on Mar 23, 2022.
             Was an Initiate of Yredelemnul.
             Slain by a howler monkey (2 damage)
             ... on level 9 of the Dungeon.
             The game lasted 00:19:59 (13828 turns).

Woods the Thaumaturge (Gargoyle Fire Elementalist) Turns: 13828, Time: 00:19:59

Health: 0/60       AC: 11    Str: 13    XL:     10   Next: 81%
Magic:  6/23       EV: 13    Int: 19    God:    Yredelemnul [......]
Gold:   437        SH:  0    Dex: 10    Spells: 11/27 levels left

rFire   . . .      SeeInvis .   (no weapon)
rCold   . . .      Faith    .   (no shield)
rNeg    + . .      Spirit   .   a - +0 robe
rPois   ∞          Reflect  .   t - +0 helmet
rElec   +          Harm     .   (no cloak)
rCorr   .          Rampage  .   (no gloves)
Will    .....                   r - +0 pair of boots
Stlth   +++.......              (no amulet)
HPRegen 0.20/turn               (no ring)
MPRegen 0.18/turn               (no ring)

@: no status effects
A: sickness immunity, AC +7, negative energy resistance 1, electricity
resistance, torment resistance 1, petrification resistance
a: Renounce Religion, Recall Undead Harvest


You were on level 9 of the Dungeon.
You worshipped Yredelemnul.
Yredelemnul was noncommittal.
You visited 2 branches of the dungeon, and saw 10 of its levels.

You collected 437 gold pieces.

Inventory:

Armour
 a - a +0 robe (worn)
 r - a +0 pair of boots (worn)
 t - a +0 helmet (worn)
Jewellery
 c - a ring of ice
 g - a ring of protection from cold
 u - a ring of protection from fire
 A - a +4 ring of protection
 L - a ring of willpower
Wands
 d - a wand of flame (13)
 j - a wand of mindburst (16)
 x - a wand of paralysis (3)
 B - a wand of iceblast (5)
 D - a wand of acid (3)
 K - a wand of digging (3)
Scrolls
 h - 2 scrolls of vulnerability {unknown}
 i - a scroll of brand weapon {unknown}
 k - 2 scrolls of magic mapping {unknown}
 n - a scroll of acquirement {unknown}
 p - 5 scrolls of identify
 q - 2 scrolls of blinking {unknown}
 s - 2 scrolls of enchant armour {unknown}
 v - a scroll of teleportation
 w - 2 scrolls of immolation {unknown}
 y - a scroll of silence {unknown}
 E - a scroll of noise {unknown}
Potions
 b - 3 potions of brilliance {unknown}
 e - 3 potions of flight
 f - 6 potions of curing
 l - a potion of cancellation {unknown}
 m - a potion of berserk rage {unknown}
 o - 6 potions of heal wounds
 z - a potion of resistance {unknown}
 C - a potion of mutation {unknown}
 F - a potion of attraction {unknown}
 G - a potion of invisibility {unknown}
 H - 3 potions of ambrosia {unknown}
 I - a potion of haste {unknown}
 J - a potion of magic {unknown}


   Skills:
 - Level 6.0 Fighting
 - Level 5.0 Dodging
 - Level 5.0 Stealth
 + Level 9.0 Spellcasting
 - Level 6.0 Conjurations
 - Level 6.0 Fire Magic
 + Level 2.7 Ice Magic
 + Level 4.5 Invocations


You had 11 spell levels left.
You knew the following spells:

 Your Spells              Type           Power      Damage    Failure   Level
a - Foxfire               Conj/Fire      100%       2x1d9     1%          1
b - Scorch                Fire           62%        2d8       1%          2
c - Conjure Flame         Conj/Fire      31%        6-21      1%          3
d - Inner Flame           Hex/Fire       19%        N/A       7%          3
e - Flame Wave            Conj/Fire      31%        2d8       7%          4
f - Ozocubu's Armour      Ice            18%        N/A       9%          3

Your spell library contained the following spells:

 Spells                   Type           Power      Damage    Failure   Level
 Apportation              Tloc           16%        N/A       9%          1
 Gell's Gravitas          Tloc           8%         N/A       24%         3
 Lesser Beckoning         Tloc           8%         N/A       24%         3
 Teleport Other           Tloc           8%         N/A       24%         3
 Metabolic Englaciation   Hex/Ice        6%         N/A       78%         5
 Alistair's Intoxication  Tmut/Pois      5%         N/A       92%         5
 Simulacrum               Ice/Necr       6%         N/A       100%        6


Dungeon Overview and Level Annotations

Branches:
Dungeon (9/15)             Temple (1/1) D:5            Lair (0/6) D:8
    Orc: D:9-12

Altars:
Ashenzari
Cheibriados
Dithmenos
Elyvilon
Fedhas
Gozag
Hepliaklqana
Kikubaaqudgha
Makhleb
Nemelex Xobeh
Okawaru
Qazlal
Ru
Sif Muna
Trog
Uskayaw
Vehumet
Wu Jian
Xom
Yredelemnul
Zin
The Shining One

Annotations:
D:5 3 runed translucent doors, hehateme's ghost, novice KoGl
D:7 3 runed translucent doors, nickcage's ghost, novice GrFi


Innate Abilities, Weirdness & Mutations

You are immune to sickness and miasma.
Your stone body is resilient. (AC +7)
You are immune to poison.
You resist negative energy. (rN+)
You are resistant to electric shocks. (rElec)
You are resistant to unholy torment.
You are immune to petrification.


Message History

The wyvern bites you!
* * * LOW HITPOINT WARNING * * *
The wyvern barely misses you.
As you read the scroll of teleportation, it crumbles to dust.
You feel strangely unstable.
The wyvern bites you but does no damage.
The howler monkey hoots and howls with incredible vigour!
A gnoll sergeant comes into view. It is wielding a +0 spear.
The wyvern completely misses you.
Your surroundings suddenly seem different.
The kobold brigand shouts!
The kobold shouts! x3; You hear a shout!
You hear an angry buzzing noise.
The kobold throws a stone.
The stone closely misses you. The centaur hits you.
* * * LOW HITPOINT WARNING * * *
The centaur kicks you but does no damage.
The centaur wields a +0 shortbow.
The centaur shoots an arrow.
The arrow closely misses you.
The kobold shouts!
The centaur shoots an arrow.
The arrow hits you!
* * * LOW HITPOINT WARNING * * *
The kobold throws a stone.
The stone misses you.
As you read the scroll of teleportation, it crumbles to dust.
You feel strangely unstable.
The kobold throws a stone.
The stone barely misses you.
Your surroundings suddenly seem different.
The howler monkey hoots and howls with incredible vigour!
You hear an angry hiss.
You hit the howler monkey but do no damage.
The howler monkey is severely wounded.
A wight comes into view.
It is wielding a +2 dagger of electrocution.
The howler monkey closely misses you. The howler monkey barely misses you.
The howler monkey hits you.
* * * LOW HITPOINT WARNING * * *
The howler monkey barely misses you.
The howler monkey hoots and howls with incredible vigour!
You hear an angry hiss.
The howler monkey hits you.
You die...
Your body rises from the dead as a mindless zombie.

#....l.........
######..##########..
#..g....g......###
#.#####>......z..
#........#
#........#
#........#
#$..h....#
#...h@..## #####...#
#...# #...# #...#
....# .....# ......#
#......#


You could see a gnoll sergeant, 2 howler monkeys and a wight.

Vanquished Creatures
  Pikel (D:5)
  A komodo dragon (D:8)
  Maggie (D:7)
  Grinder (D:4)
  A wyvern (D:9)
  A steam dragon (D:8)
  A water moccasin (D:7)
  An orc warrior (D:9)
  4 sky beasts
  3 black bears
  A necrophage (D:5)
  5 ogres
  5 centaurs
  A phantom (D:4)
  2 lemures (D:5)
  2 bullfrogs
  2 gnoll sergeants (D:7)
  A wyvern zombie (D:5)
  A water moccasin skeleton (D:5)
  3 scorpions
  A killer bee (D:9)
  2 howler monkeys
  2 centaur zombies
  4 jellies
  2 hounds
  A centaur skeleton (D:7)
  3 orc priests
  2 iguanas
  3 orc wizards
  Natasha (thrice) (D:1)
  2 howler monkey zombies
  12 gnolls
  2 howler monkey skeletons
  8 adders
  A white imp (D:6)
  An ufetubus (D:4)
  4 worms
  6 dart slugs
  12 orcs
  10 ball pythons
  3 endoplasms
  2 giant cockroaches
  6 hobgoblins
  7 jackals
  2 quokkas
  9 bats
  4 frilled lizards
  7 goblins
  10 kobolds
  5 rats
174 creatures vanquished.

Vanquished Creatures (collateral kills)
  A two-headed ogre (D:9)
  A water moccasin (D:9)
  A gnoll sergeant (D:9)
  5 killer bees (D:9)
  An orc priest (D:7)
  An orc wizard (D:7)
  4 gnolls
14 creatures vanquished.

Vanquished Creatures (others)
  A wyvern zombie (D:9)
  A water moccasin zombie (D:9)
  2 centaur zombies
  4 killer bee zombies (D:9)
  A human zombie (D:7)
  A howler monkey zombie (D:9)
  A giant cockroach (D:1)
  8 gnoll zombies
  5 orc zombies
  306 foxfires
330 creatures vanquished.

Grand Total: 518 creatures vanquished

Notes
Turn   | Place    | Note
-------+----------+-------------------------------------------
     0 | D:1      | Woods the Gargoyle Fire Elementalist began the quest for
                  | the Orb.
     0 | D:1      | Reached XP level 1. HP: 10/10 MP: 3/3
    88 | D:1      | Reached XP level 2. HP: 14/15 MP: 0/5
   811 | D:1      | Reached XP level 3. HP: 18/19 MP: 3/6
  1047 | D:2      | Noticed Natasha
  1052 | D:2      | Learned a level 2 spell: Scorch
  1056 | D:2      | Learned a level 3 spell: Conjure Flame
  1170 | D:1      | Killed Natasha
  1755 | D:1      | Noticed Natasha
  1761 | D:1      | Killed Natasha
  1762 | D:1      | Reached skill level 3 in Spellcasting
  1762 | D:1      | Reached XP level 4. HP: 24/24 MP: 1/8
  1831 | D:1      | Noticed Natasha
  1854 | D:1      | Killed Natasha
  2332 | D:2      | Learned a level 3 spell: Inner Flame
  2518 | D:2      | Reached XP level 5. HP: 28/28 MP: 7/9
  3211 | D:2      | Found a faded altar of an unknown god.
  4488 | D:3      | Found an ornate altar of the Wu Jian Council.
  4646 | D:4      | Noticed an ogre
  4646 | D:4      | Noticed an ogre
  4760 | D:4      | Reached XP level 6. HP: 31/32 MP: 5/11
  4843 | D:4      | Reached skill level 4 in Spellcasting
  4933 | D:4      | Reached skill level 5 in Fire Magic
  5169 | D:4      | Reached XP level 7. HP: 5/36 MP: 1/13
  5437 | D:4      | Noticed Grinder
  6191 | D:4      | Reached skill level 5 in Spellcasting
  6520 | D:4      | Killed Grinder
  6521 | D:4      | Reached XP level 8. HP: 41/41 MP: 7/16
  7080 | D:4      | Reached skill level 6 in Spellcasting
  7179 | D:5      | Entered Level 5 of the Dungeon
  7193 | D:5      | Reached skill level 5 in Conjurations
  7207 | D:5      | Learned a level 4 spell: Flame Wave
  7359 | D:5      | Reached skill level 1 in Fighting
  7448 | D:5      | You fall into a shaft and drop 1 floor!
  7869 | D:5      | Noticed Pikel
  8226 | D:5      | Found a staircase to the Ecumenical Temple.
  8775 | D:5      | Found a runed translucent gate.
  8775 | D:5      | Found a runed translucent gate.
  8775 | D:5      | Found a runed translucent gate.
  8775 | D:5      | Noticed hehateme's ghost (novice KoGl)
  8982 | D:5      | Killed Pikel
  8983 | D:5      | Reached skill level 7 in Spellcasting
  8983 | D:5      | Reached XP level 9. HP: 52/52 MP: 6/19
  9068 | Temple   | Entered the Ecumenical Temple
  9493 | Temple   | Became a worshipper of Yredelemnul the Dark
 10215 | D:6      | Reached * piety under Yredelemnul
 10293 | D:6      | Reached ** piety under Yredelemnul
 10724 | D:6      | Reached *** piety under Yredelemnul
 10858 | D:7      | Reached skill level 5 in Fighting
 11063 | D:7      | Noticed Maggie
 11076 | D:7      | Killed Maggie
 11089 | D:7      | Reached skill level 5 in Stealth
 11105 | D:7      | Your ally Maggie died
 11420 | D:7      | Reached skill level 8 in Spellcasting
 11420 | D:7      | Reached XP level 10. HP: 30/60 MP: 7/22
 11571 | D:7      | Learned a level 3 spell: Ozocubu's Armour
 11919 | D:7      | Found a runed translucent gate.
 11919 | D:7      | Found a runed translucent gate.
 11919 | D:7      | Found a runed translucent gate.
 11923 | D:7      | Noticed nickcage's ghost (novice GrFi)
 11936 | D:7      | Reached skill level 1 in Invocations
 12109 | D:8      | Found a staircase to the Lair.
 13571 | D:9      | Reached skill level 1 in Ice Magic
 13606 | D:9      | Noticed a two-headed ogre
 13613 | D:9      | Killed a two-headed ogre
 13614 | D:9      | Reached skill level 5 in Dodging
 13768 | D:9      | Reached skill level 9 in Spellcasting
 13819 | D:9      | HP: 2/60 [centaur/arrow (8)]
 13827 | D:9      | HP: 2/60 [howler monkey (2)]
 13828 | D:9      | Slain by a howler monkey

Illustrated notes

Levels and vault maps discovered:
D:1:      matt_arrival_diagonals, layout_loops_ring
D:2:      minmay_angry_zag, layout_loops_ring, nicolae_ecumenical_lake_church,
          kennysheep_nondescript, nrook_campfire, minmay_misc_feat_enclosed,
          uniq_natasha
D:3:      layout_rooms, mainiacjoe_overflow_24_doors
D:4:      layout_basic, uniq_grinder
D:5:      layout_loops_ring, minmay_temple_entry_statues_pillars, serial_glass,
          glass_columns_a, glass_columns_a, ebering_ghost_rock_garden,
          uniq_pikel
D:6:      layout_basic
D:7:      layout_rooms, ebering_ghost_rock_garden, uniq_maggie
D:8:      layout_basic, lair_entry_dummy, serial_glass, glass_columns_c,
          glass_columns_a
D:9:      layout_basic, serial_shops, shop, minmay_chambers_of_fives
Temple:   mainiacjoe_temple_trianglar_array

Skill      XL: |  1  2  3  4  5  6  7  8  9 10 |
---------------+-------------------------------+-----
Conjurations   | 2 3 4 6 |  6.0
Spellcasting   | 3 4 5 7 8 9 |  9.0
Fire Magic     | 4 5 6 |  6.0
Fighting       | 4 5 6 |  6.0
Dodging        | 2 3 5 |  5.0
Stealth        | 4 5 |  5.0
Invocations    | 4 |  4.5
Ice Magic      | 2 |  2.7

Action                   |  1- 3 |  4- 6 |  7- 9 | 10-12 || total
-------------------------+-------+-------+-------+-------++-------
Melee: Unarmed           |    25 |    10 |     2 |    17 ||    54
       Punch             |     1 |       |       |       ||     1
 Cast: Foxfire           |    42 |    68 |    58 |    12 ||   180
       Scorch            |     2 |    33 |   115 |    73 ||   223
       Conjure Flame     |       |     1 |     4 |     2 ||     7
       Inner Flame       |       |     1 |     6 |       ||     7
Invok: Recall Undead Har |       |       |     1 |       ||     1
  Use: Scroll            |       |       |     4 |     5 ||     9
Armor: Robe              |    13 |    20 |    25 |    26 ||    84
Dodge: Dodged            |    26 |    18 |    37 |    65 ||   146
